Map: Lightshade LE

Players

HeroMarine

  • Race: Terran Terran
  • League: Master

ShoWTimE - Winner!

  • Race: Protoss Protoss
  • League: Grandmaster

Event: DreamHack SC2 Masters 2021 Summer

VOD

Have the link to the VOD?

Description

Time

  • Played on: May 30, 2021, noon
  • Length: 8:46

All games in this series

Show
View Real Time Build Order
Export as new Build Order

HeroMarine Terran 

Build Orders:  

Get SALT Encoding   

  12  0:00  SCV  
  13  0:12  SCV  
  14  0:17  Supply Depot  
  14  0:24  SCV  
  15  0:38  SCV  
  15  0:40  Barracks  
  16  0:43  Refinery  
  16  0:50  SCV  
  17  1:02  SCV  
  18  1:14  SCV  
  19  1:27  Orbital Command, Marine  
  20  1:45  Command Center  
  21  1:55  Factory  
  21  1:58  SCV  
  21  2:01  Barracks Reactor  
  21  2:09  Supply Depot  
  21  2:10  SCV  
  22  2:22  SCV  
  23  2:24  Bunker  
  23  2:34  SCV  
  24  2:39  Starport  
  24  2:45  Hellion  
  24  2:46  Hellion  
  24  2:47  SCV  
  27  2:59  SCV  
  28  3:07  Hellion  
  28  3:12  SCV  
  31  3:15  Orbital Command, Hellion  
  31  3:16  Medivac  
  35  3:24  SCV  
  35  3:25  Barracks Tech Lab  
  36  3:27  Refinery  
  36  3:36  SCV  
  37  3:42  SCV  
  38  3:49  SCV  
  38  3:52  Marine x2  
  38  3:54  SCV  
  42  4:01  SCV  
  43  4:03  Barracks  
  43  4:05  Siege Tank  
  43  4:07  Barracks  
  46  4:12  SCV, Marine x2, Supply Depot  
  46  4:13  SCV  
  50  4:24  SCV  
  50  4:25  SCV  
  50  4:28  Engineering Bay  
  50  4:29  Marine x2  
  54  4:36  SCV  
  54  4:37  SCV  
  54  4:40  Siege Tank  
  57  4:47  Refinery, Marine, Supply Depot  
  57  4:48  SCV  
  57  4:52  SCV  
  60  4:58  Barracks Tech Lab  
  60  4:59  Terran Infantry Weapons Level 1  
  60  5:00  SCV, Marine  
  62  5:09  SCV, Marine, Supply Depot  
  62  5:12  Supply Depot  
  64  5:17  SCV  
  64  5:19  Stimpack  
  64  5:20  Marine x2  
  68  5:21  SCV  
  68  5:24  Refinery, Marine  
  69  5:29  SCV  
  69  5:30  Starport Reactor, Factory Reactor  
  69  5:31  Marine  
  71  5:35  SCV  
  71  5:37  Marine  
  71  5:38  Marine  
  75  5:42  Combat Shield  
  75  5:43  Supply Depot  
  75  5:46  Marine  
  75  5:48  Marine  
  75  5:49  Supply Depot  
  76  5:55  Marine  
  78  5:58  Marauder  
  81  6:04  Marauder, Supply Depot  
  81  6:06  Medivac x2  
  81  6:07  Widow Mine  
  81  6:09  Widow Mine, Marine  
  90  6:12  SCV x2  
  90  6:15  Marine  
  93  6:20  Marauder  
  93  6:22  Supply Depot  
  93  6:24  Supply Depot  
  95  6:27  Marauder  
  95  6:28  Marine  
  95  6:31  Widow Mine  
  100  6:33  Marine  
  100  6:34  Widow Mine  
  103  6:44  Medivac  
  103  6:45  Medivac  
  109  6:47  Marauder  
  109  6:48  Marauder, Marine  
  109  6:51  Marine  
  109  6:53  SCV x2  
  114  7:06  Marine  
  114  7:08  Marauder, Marine  
  114  7:09  Marauder  
  114  7:12  SCV x2  
  105  7:24  SCV x2, Marine  
  105  7:26  Marine  
  105  7:29  Marauder  
  102  7:31  Marauder  
  102  7:36  SCV x2  
  97  7:45  Marine x2  
  97  7:49  SCV x2  
  97  7:51  Marauder  
  97  7:52  Marauder  
  87  8:02  Marine x2  
  77  8:05  SCV x2  
  77  8:12  Marauder  
  73  8:14  Marauder  
  73  8:17  SCV x2  
  72  8:21  Marine x2  
  62  8:29  SCV  
  62  8:30  SCV  
Show
View Real Time Build Order
Export as new Build Order

ShoWTimE Protoss - Winner!

Build Orders: 1 Gate Expand, Phoenix Opening 

Get SALT Encoding   

  12  0:00  Probe  
  13  0:12  Probe  
  14  0:17  Pylon  
  14  0:24  Probe (Chrono Boost)  
  15  0:36  Probe (Chrono Boost)  
  15  0:37  Gateway  
  16  0:44  Probe (Chrono Boost)  
  16  0:46  Assimilator  
  17  0:50  Probe  
  18  1:03  Probe  
  19  1:15  Probe  
  20  1:24  Cybernetics Core  
  20  1:32  Nexus  
  20  1:36  Probe  
  21  1:44  Pylon  
  21  1:48  Probe  
  21  1:51  Assimilator  
  21  1:59  Adept (Chrono Boost)  
  21  2:00  Probe  
  22  2:03  Warp Gate  
  24  2:12  Probe  
  24  2:13  Pylon  
  25  2:21  Sentry (Chrono Boost)  
  27  2:24  Probe  
  29  2:38  Probe (Chrono Boost), Stalker  
  31  2:44  Probe (Chrono Boost)  
  31  2:47  Phoenix  
  31  2:49  Twilight Council  
  33  2:53  Probe (Chrono Boost)  
  33  2:54  Probe (Chrono Boost)  
  34  2:59  Probe (Chrono Boost)  
  34  3:00  Probe  
  36  3:09  Sentry  
  36  3:10  Gateway  
  36  3:11  Probe  
  39  3:13  Probe  
  40  3:23  Probe  
  40  3:25  Probe  
  42  3:29  Robotics Facility  
  42  3:35  Probe, Shield Battery  
  42  3:36  Shield Battery  
  42  3:37  Probe  
  44  3:47  Probe  
  45  3:49  Probe  
  45  3:51  Stalker  
  48  3:56  Pylon  
  48  3:59  Probe  
  48  4:01  Probe  
  50  4:04  Stalker  
  52  4:11  Probe  
  52  4:13  Probe  
  52  4:14  Pylon, Stalker  
  52  4:15  Blink (Chrono Boost)  
  56  4:23  Probe  
  57  4:25  Probe  
  57  4:30  Nexus  
  58  4:31  Phoenix  
  58  4:35  Probe  
  58  4:37  Probe  
  58  4:46  Observer  
  58  4:47  Probe  
  58  4:48  Pylon  
  58  4:49  Probe  
  60  4:59  Probe  
  61  5:01  Probe  
  61  5:03  Assimilator  
  61  5:06  Stalker x2  
  66  5:12  Probe, Pylon  
  66  5:14  Probe  
  68  5:17  Gateway  
  68  5:18  Gateway  
  68  5:23  Phoenix  
  68  5:24  Probe  
  68  5:25  Gateway  
  68  5:26  Probe  
  70  5:34  Gateway  
  70  5:36  Probe  
  70  5:40  Gateway, Sentry  
  70  5:42  Probe  
  74  5:46  Gateway  
  74  5:47  Charge (Chrono Boost)  
  74  5:48  Probe, Observer  
  75  5:50  Warp Prism (Chrono Boost)  
  75  5:55  Probe  
  78  6:01  Probe x2  
  78  6:02  Shield Battery  
  78  6:04  Zealot  
  82  6:07  Pylon  
  82  6:12  Zealot x2  
  82  6:14  Probe  
  82  6:15  Probe x2  
  82  6:17  Pylon  
  89  6:19  Observer (Chrono Boost)  
  89  6:23  Zealot  
  92  6:31  Zealot  
  92  6:32  Pylon, Zealot  
  96  6:36  Zealot  
  96  6:37  Zealot, Immortal (Chrono Boost)  
  104  6:40  Zealot  
  104  6:45  Assimilator  
  104  6:46  Pylon  
  104  6:47  Zealot  
  108  6:52  Zealot x3  
  111  7:03  Zealot x4  
  111  7:08  Probe x2  
  121  7:10  Probe  
  121  7:14  Templar Archives  
  121  7:15  Zealot x2  
  120  7:19  Zealot x2  
  120  7:20  Probe  
  115  7:26  Zealot x3  
  105  7:33  Zealot  
  105  7:36  Zealot x2  
  109  7:40  Zealot x2, Assimilator  
  109  7:41  Probe x2  
  109  7:42  Probe  
  116  7:49  Forge  
  116  7:50  Assimilator  
  114  7:53  Zealot x2  
  114  7:55  Zealot  
  114  7:57  Zealot  
  114  7:59  Zealot  
  114  8:03  Zealot x2  
  108  8:08  Zealot  
  108  8:11  Immortal (Chrono Boost)  
  104  8:18  Zealot x3  
  108  8:22  Zealot  
  102  8:29  Zealot x3  
  102  8:33  Probe  
Tags
 
Add a new tag
Caveats
  • Supply blocks, unpowered buildings, or Contaminate may cause inaccurate times.
  • Supply counts are checked every 10 seconds.